 Dungeon Crawl Stone Soup version 0.17.0-1-g61d176b (webtiles) character file.

298 pipel the Skirmisher (level 6, -5/48 HPs)
             Began as a Mummy Chaos Knight on Nov 7, 2015.
             Slain by a merfolk
             ... wielding a +0 trident
             ... summoned by a worldbinder
              (15 damage)
             ... on level 1 of the Abyss.
             The game lasted 00:09:46 (7830 turns).

pipel the Skirmisher (Mummy Chaos Knight)           Turns: 7830, Time: 00:09:47

Health: -5/48      AC:  5    Str: 17    XL:     6   Next: 13%
Magic:  6/6        EV: 11    Int: 12    God:    Xom [....*.]
Gold:   176        SH:  7    Dex: 11    Spells: 1 memorised, 3 levels left

rFire  x . .     SeeInvis .     f - +1 falchion (chaos)
rCold  + . .     Clarity  .     b - +2 leather armour
rNeg   + + +     SustAt   .     c - +0 shield
rPois  ∞         Gourm    .     (no helmet)
rElec  .         Spirit   .     (no cloak)
rCorr  .         Warding  .     (no gloves)
rMut   +         Stasis   .     (no boots)
MR     +....                    e - amulet of resist mutation
Stlth  ++........               s - +3 ring of evasion
                                g - ring of protection from magic

@: manticore barbs, somewhat resistant to hostile enchantments, unstealthy
A: no food or potions, fire vulnerability, cold resistance 1, negative energy
resistance 3, torment resistance, unbreathing
a: Renounce Religion


You were on level 1 of the Abyss.
You worshipped Xom.
You were a beloved toy of Xom.
You were not hungry.

You visited 1 branch of the dungeon, and saw 2 of its levels.
You visited the Abyss 1 time.

You collected 176 gold pieces.

Inventory:

Hand Weapons
 a - a +1 whip of venom
 f - a +1 falchion of chaos (weapon)
 j - a +0 spear of chaos
 p - a +0 spear of chaos
Missiles
 d - 66 arrows
 n - 40 sling bullets
 o - 50 stones (quivered)
Armour
 b - a +2 leather armour (worn)
 c - a +0 shield (worn)
 h - a +0 ring mail
 k - a +0 ring mail
Jewellery
 e - an amulet of resist mutation (around neck)
 g - a ring of protection from magic (left hand)
 m - an uncursed ring of sustain attributes
 q - an uncursed amulet of stasis
 s - a +3 ring of evasion (right hand)
Wands
 t - a wand of cold (0)
Scrolls
 i - a scroll of identify
 l - a scroll of remove curse
Books
 r - a book of Debilitation

   Spells                             Type                      Level
   a - Corona                         Hexes                        1
   b - Slow                           Hexes                        2
   c - Gell's Gravitas                Hexes/Translocation          3
   d - Inner Flame                    Hexes/Fire                   3
   e - Cause Fear                     Hexes                        4
   f - Leda's Liquefaction            Hexes/Earth                  4


   Skills:
 - Level 3.7 Fighting
 - Level 2.6 Long Blades
 - Level 1.0 Maces & Flails
 - Level 1.9 Armour
 - Level 1.2 Dodging
 + Level 2.5 Stealth
 - Level 0.8 Shields
 * Level 3.1 Hexes


You had 3 spell levels left.
You knew the following spells:

 Your Spells              Type           Power        Failure   Level  Hunger
a - Slow                  Hex            #.......     91%         2    N/A

Dungeon Overview and Level Annotations

Branches:
Dungeon (2/15)

Altars:
Xom


Innate Abilities, Weirdness & Mutations

You do not eat or drink.
Your flesh is vulnerable to fire.
You are immune to poison.
Your flesh is cold resistant.
You are immune to negative energy.
You are immune to unholy pain and torment.
You can survive without breathing.


Message History

The worldbinder calls forth creatures from the Shoals!
You block the worldbinder's attack. The worldbinder hits you.
You hit the worldbinder.
The worldbinder is heavily damaged.
You block the worldbinder's attack. The worldbinder hits you.
The merfolk hits you from afar with a trident!
The manticore flicks its tail.
The volley of spikes hits you!
The barbed spikes become lodged in your body.
* * * LOW HITPOINT WARNING * * *
Unknown command.
You hit the worldbinder.
The worldbinder seems to speed up.
The worldbinder is heavily damaged.
The worldbinder hits you.
* * * LOW HITPOINT WARNING * * *
The worldbinder hits you but does no damage.
The worldbinder closely misses you. The worldbinder barely misses you.
The merfolk hits you from afar with a trident!
You die...
Xom laughs nastily!

.# . # . # ##..##
##. . .. ..... ... .
. .... ......... #
..##.. #..##..# . .
. ##..##..##..##. #.
.................
................. #.
. .#..##.@##..# . .
...##..##x.##.. #._
.... ..m......... ..
....H...H...........
. ..#..##..##..##..#
.. . ...
#..##..##..##..##. .
.......... ...... .
. # ....
.............. .#
...#..##..##..##..#
...


You could see a merfolk, 2 manticores and a worldbinder.

Vanquished Creatures
  An ancient zyme (Abyss:1)
  5 worms
  A giant gecko (D:2)
  2 orcs (D:2)
  6 bats
  6 giant cockroaches
  4 goblins (D:1)
  4 hobgoblins
  3 jackals (D:1)
  A quokka (D:1)
  3 ball pythons (D:1)
  7 giant newts
  6 kobolds
  3 rats
52 creatures vanquished.

Notes
Turn   | Place    | Note
--------------------------------------------------------------
     0 | D:1      | pipel the Mummy Chaos Knight began the quest for the Orb.
     0 | D:1      | Reached XP level 1. HP: 18/18 MP: 1/1
   255 | D:1      | XOM: harmless Tloc miscast
   377 | D:1      | Reached skill level 1 in Dodging
   406 | D:1      | Reached XP level 2. HP: 24/24 MP: 2/2
   918 | D:2      | XOM: stealth player
   967 | D:2      | XOM is BORED!
   967 | D:2      | XOM: confusion (+ monsters)
   984 | D:2      | XOM: blink monster(s)
  1010 | D:2      | XOM: cast spell 'Confusing Touch'
  1015 | D:2      | Reached XP level 3. HP: 22/29 MP: 3/3
  1158 | D:2      | Found a shimmering altar of Xom.
  1561 | D:1      | XOM: colour smoke trail
  1627 | D:1      | XOM: mild Divn miscast
  1783 | D:1      | XOM: mild Chrm miscast
  2073 | D:1      | XOM: vitrification
  2300 | D:1      | XOM is BORED!
  2300 | D:1      | XOM: summons 5 hostile shadow creatures
  2532 | D:1      | XOM: vitrification
  3093 | D:1      | XOM: vitrification
  3105 | D:1      | XOM: divination: detect creatures
  3164 | D:1      | XOM: scenery: 1 doors close
  3714 | D:1      | Reached skill level 1 in Maces & Flails
  3931 | D:1      | XOM: scenery: 1 doors open, 1 doors close
  4082 | D:1      | XOM: colour smoke trail
  4151 | D:1      | XOM: medium Conj miscast
  4245 | D:1      | XOM: mild Fire miscast
  4389 | D:1      | XOM: cast spell 'Summon Butterflies'
  5617 | D:1      | XOM: divination: detect creatures
  5773 | D:1      | XOM: mild Hex miscast
  5887 | D:1      | XOM: smoke on damage
  6059 | D:1      | XOM: vitrification
  6124 | D:1      | Reached XP level 4. HP: 37/37 MP: 4/4
  6142 | D:1      | XOM: vitrification
  6226 | D:1      | XOM: vitrification
  6333 | D:1      | XOM: god gift: scroll labeled DEWIGG ILLE
  6396 | D:1      | XOM: mild Divn miscast
  6640 | D:1      | XOM is BORED!
  6640 | D:1      | XOM: noise
  6722 | D:1      | XOM: medium Chrm miscast
  7240 | D:1      | XOM: colour smoke trail
  7609 | D:1      | XOM: harmless Conj miscast
  7652 | D:1      | XOM: noise
  7740 | D:1      | XOM: medium Tloc miscast
  7740 | D:1      | Cast into the Abyss (the capriciousness of Xom)
  7747 | Abyss:1  | Learned a level 2 spell: Slow
  7759 | Abyss:1  | Noticed an ancient zyme
  7782 | Abyss:1  | Killed an ancient zyme
  7782 | Abyss:1  | Reached XP level 5. HP: 42/42 MP: 5/5
  7782 | Abyss:1  | Reached XP level 6. HP: 48/48 MP: 6/6
  7800 | Abyss:1  | Found a corrupted altar of Lugonu.
  7811 | Abyss:1  | Noticed a thrashing horror
  7823 | Abyss:1  | Noticed a worldbinder
  7828 | Abyss:1  | Noticed a merfolk
  7829 | Abyss:1  | Noticed a manticore
  7830 | Abyss:1  | Slain by a merfolk

Action                   |  1- 3 |  4- 6 || total
-------------------------+-------+-------++-------
Melee: Falchion          |    21 |     3 ||    24
       Whip              |   131 |     5 ||   136
Throw: Stone             |     6 |       ||     6
Evoke: Wand              |       |     5 ||     5
  Use: Scroll            |     6 |     3 ||     9
 Stab: Paralysed         |     1 |       ||     1
       Sleeping          |     1 |       ||     1
